 Dungeon Crawl Stone Soup version 0.30-a0-737-gf23d94013f (webtiles) character file.

Game seed: 11637907275732140086

9198 Newt the Pandemonic (level 11, 0/74 (79) HPs)
             Began as a Demonspawn Gladiator on Feb 2, 2023.
             Was a High Priest of Makhleb.
             Slain by a spectral orc knight
             ... wielding a +0 great mace
             ... summoned by Nergalle
              (11 damage)
             ... on level 10 of the Dungeon.
             The game lasted 00:14:17 (11710 turns).

Newt the Pandemonic (Demonspawn Gladiator)         Turns: 11710, Time: 00:14:18

HP:   0/74 (79)     AC:  9    Str: 19    XL:     11   Next: 19%
MP:   21/27         EV: 17    Int:  9    God:    Makhleb [*****.]
Gold: 554           SH:  0    Dex: 15    Spells: 16/18 levels left

rFire   . . .      SeeInvis .    s - +4 dagger (venom)
rCold   + . .      Faith    +    (no shield)
rNeg    . . .      Spirit   .    C - +1 leather armour {rC+}
rPois   .          Reflect  .    (helmet currently unavailable)
rElec   .          Harm     .    t - +1 cloak {rCorr}
rCorr   +          Rampage  .    (no gloves)
Will    .....                    (boots currently unavailable)
Stlth   ++                       r - amulet of faith
HPRegen 0.32/turn                G - ring of magical power
MPRegen 0.20/turn                K - +5 ring of evasion

@: lethally poisoned (0 -> -11), appendages (expiring), studying Unarmed Combat,
drained
A: horns 2, talons 2, thin metallic scales 1, powered by death 1, demonic magic
2
a: End Transformation, Renounce Religion, Minor Destruction, Lesser Servant of
Makhleb, Major Destruction, Greater Servant of Makhleb


You were on level 10 of the Dungeon.
You worshipped Makhleb.
Makhleb was extremely pleased with you.
You had temporarily grown beastly horns and talons.
You visited 2 branches of the dungeon, and saw 11 of its levels.

You collected 554 gold pieces.

Inventory:

Hand Weapons
 a - a +0 rapier of freezing
 j - a +0 heavy spear
 s - a +4 dagger of venom (weapon)
 u - the +8 spear "Osmunel" {speed, rN+ Will+ Dex+3}
   (You found it on level 6 of the Dungeon)

   Dex:       It affects your dexterity (+3).
   rN:        It protects you from negative energy.
   Will:      It increases your willpower.
 v - a +3 dagger of freezing
Missiles
 d - 5 throwing nets (quivered)
 k - 67 poisoned darts
 o - a javelin
Armour
 b - a +0 leather armour
 c - a +0 helmet (melded)
 t - a +1 cloak of preservation (worn)
 C - a +1 leather armour of cold resistance (worn)
Jewellery
 r - an amulet of faith (around neck)
 G - a ring of magical power (left hand)
 K - a +5 ring of evasion (right hand)
Wands
 n - a wand of flame (13)
 E - a wand of iceblast (6)
 F - a wand of paralysis (6)
Scrolls
 g - 3 scrolls of poison
 x - 2 scrolls of enchant armour
 y - a scroll of magic mapping
 D - a scroll of brand weapon
 J - a scroll of blinking
Potions
 e - 3 potions of cancellation
 f - 3 potions of lignification
 h - 2 potions of mutation
 i - 2 potions of heal wounds
 l - 3 potions of curing
 m - 2 potions of might
 p - a potion of flight
 q - a potion of invisibility
 w - a potion of ambrosia
 z - 2 potions of haste
 A - a potion of resistance
 B - a potion of berserk rage
 H - a potion of brilliance {unknown}
Miscellaneous
 I - a tin of tremorstones (2/2)


   Skills:
 - Level 5.0 Fighting
 - Level 10.0 Short Blades
 - Level 5.0 Polearms
 - Level 1.7 Throwing
 - Level 6.0 Armour
 - Level 2.6 Dodging
 - Level 1.3 Stealth
 - Level 4.0 Spellcasting
 - Level 4.0 Summonings
 + Level 1.4 Transmutations
 - Level 10.0 Invocations


You had 16 spell levels left.
You knew the following spells:

 Your Spells              Type           Power      Damage    Failure   Level
a - Summon Small Mammal   Summ           36%        N/A       6%          1
b - Beastly Appendage     Tmut           8%         N/A       17%         1

Your spell library contained the following spells:

 Spells                   Type           Power      Damage    Failure   Level
 Call Canine Familiar     Summ           9%         N/A       19%         3
 Wereblood                Tmut           4%         N/A       26%         2
 Apportation              Tloc           2%         N/A       30%         1
 Necrotise                Necr           4%         1d4       30%         1
 Blink                    Tloc           2%         N/A       43%         2
 Lesser Beckoning         Tloc           2%         N/A       43%         2
 Sublimation of Blood     Necr           1%         N/A       43%         2
 Spider Form              Tmut/Pois      3%         N/A       56%         3
 Ignite Poison            Fire/Tmut/Pois 2%         N/A       61%         3
 Dazzling Flash           Conj/Hex       2%         N/A       67%         3
 Gell's Gravitas          Tloc           1%         N/A       67%         3
 Inner Flame              Hex/Fire       1%         N/A       67%         3
 Kindle Blastsparks       Fire/Tloc/Air  2%         2d10      67%         3
 Portal Projectile        Hex/Tloc       2%         N/A       67%         3
 Teleport Other           Tloc           1%         N/A       67%         3
 Vhi's Electric Charge    Tloc/Air       2%         N/A       67%         3
 Anguish                  Hex/Necr       0%         N/A       97%         4
 Flame Wave               Conj/Fire      1%         2d4       97%         4
 Leda's Liquefaction      Hex/Erth       0%         N/A       97%         4
 Manifold Assault         Tloc           1%         N/A       97%         4
 Sticky Flame             Conj/Fire      1%         2d3       97%         4
 Agony                    Necr           1%         N/A       100%        5
 Arcjolt                  Conj/Air       0%         1d10      100%        5
 Freezing Cloud           Conj/Ice/Air   0%         6-21      100%        5
 Iskenderun's Battlesphe  Conj           1%         2d6       100%        5
 Silence                  Hex/Air        0%         N/A       100%        5
 Iron Shot                Conj/Erth      0%         9d1       100%        6
 Enfeeble                 Hex            0%         N/A       100%        7
 Spellforged Servitor     Conj/Summ      2%         N/A       100%        7
 Storm Form               Tmut/Air       1%         N/A       100%        7
 Summon Hydra             Summ           4%         N/A       100%        7
 Borgnjor's Revivificati  Necr           0%         N/A       100%        8
 Maxwell's Capacitive Co  Air            0%         ∞         100%        8
 Necromutation            Tmut/Necr      1%         N/A       100%        8
 Death's Door             Necr           0%         N/A       100%        9


Dungeon Overview and Level Annotations

Branches:
Dungeon (10/15)            Temple (1/1) D:5
   Lair: D:8-11         Orc: D:9-12

Altars:
Ashenzari
Cheibriados
Dithmenos
Fedhas
Gozag
Hepliaklqana
Kikubaaqudgha
Makhleb
Nemelex Xobeh
Okawaru
Qazlal
Ru
Sif Muna
Trog
Uskayaw
Vehumet
Wu Jian
Xom
Yredelemnul

Annotations:
D:10 Nergalle


Innate Abilities, Weirdness & Mutations

You have temporarily grown beastly horns and talons.
You are partially covered in thin metallic scales. (AC +2)
You regenerate a little health from kills.
Spells you cast may paralyse nearby enemies.


Message History

The spectral orc warrior misses you. The spectral orc barely misses you.
The spectral orc knight hits you with a +0 great mace!
You feel drained.
Casting: Summon Small Mammal (safe; 6% risk of failure)
Confirm with . or Enter, or press ? or * to list all spells.
Malevolent energies surge around you.
You feel sick.
The spectral orc warrior hits you but does no damage.
Nergalle hits you with a +1 dagger of venom.
You are more poisoned.
The spectral orc warrior barely misses you.
Your rat barely misses the spectral orc.
The spectral orc knight hits you with a +0 great mace!!
The spectral orc hits you with a +0 mace.
You feel drained.
You hit Nergalle but do no damage.
Nergalle is poisoned.
You feel sick.
The spectral orc warrior hits you but does no damage.
The spectral orc warrior closely misses you.
Nergalle hits you with a +1 dagger of venom.
You are more poisoned.
Casting: Summon Small Mammal (safe; 6% risk of failure)
Confirm with . or Enter, or press ? or * to list all spells.
Malevolent energies surge around you.
You feel very sick.
Your rat disappears in a puff of smoke!
The spectral orc warrior hits you with a +0 short sword.
* * * LOW HITPOINT WARNING * * *
Your rat bites the spectral orc knight but does no damage.
The spectral orc knight hits you with a +0 great mace!
* * * LOW HITPOINT WARNING * * *
The spectral orc hits you but does no damage.
The spectral orc warrior misses you.
Nergalle hits you with a +1 dagger of venom!
* * * LOW HITPOINT WARNING * * *
You feel much better.
You feel very sick.
Your bat closely misses the spectral orc knight.
The spectral orc warrior hits you with a +0 short sword!
* * * LOW HITPOINT WARNING * * *
The spectral orc knight hits you with a +0 great mace!
You die...

##...........#
#... .
#..[........# #...
..####...........#
#..#
..........)......#
.................#
..####.b#######..#
#r.# ..# .# #ZZ#
.# ... #Z@# ...
#Zo# ..# #§Z# ..§.
.=... ....###
..... ......


You could see Nergalle (very poisoned), 2 spectral orcs, 2 spectral orc
warriors, a spectral orc knight (summoned, ally target), a friendly bat
(summoned) and a friendly rat (summoned).

Vanquished Creatures
  Harold (D:9)
  A two-headed ogre (D:8)
  A wizard (D:8)
  Pikel (D:7)
  Joseph (D:8)
  A kobold demonologist (D:9)
  A troll (D:10)
  2 hornets
  2 shadows (D:10)
  3 wyverns
  3 yaks (D:9)
  A steam dragon (D:8)
  Grum (D:8)
  Edmund (D:4)
  A water moccasin (D:8)
  An ice beast (D:7)
  4 orc warriors
  An ogre (D:6)
  3 black bears
  3 wolves (D:8)
  3 centaurs
  A phantom (D:5)
  7 kobold brigands (D:9)
  Blork the orc (D:4)
  A gnoll sergeant (D:8)
  A necrophage (D:6)
  A bullfrog (D:8)
  3 scorpions
  3 wights (D:7)
  13 killer bees
  2 hounds
  A jelly (D:6)
  Crazy Yiuf (D:4)
  9 orc priests
  5 iguanas
  16 orc wizards
  Robin (D:3)
  4 gnolls (D:8)
  12 adders
  4 shadow imps
  An ufetubus (D:6)
  3 worms
  6 dart slugs
  39 orcs
  8 ball pythons
  4 bats
  8 endoplasms
  2 giant cockroaches
  14 goblins
  6 hobgoblins
  5 jackals
  38 kobolds
  3 quokkas
  2 frilled lizards
  9 kobold skeletons (D:9)
  6 kobold zombies (D:9)
  8 rats
284 creatures vanquished.

Vanquished Creatures (collateral kills)
  A frilled lizard (D:3)
  A kobold skeleton (D:9)
  2 kobold zombies (D:9)
4 creatures vanquished.

Vanquished Creatures (others)
  An orc wizard (D:7)
  A plant (D:6)
2 creatures vanquished.

Grand Total: 290 creatures vanquished

Notes
Turn   | Place    | Note
-------+----------+-------------------------------------------
     0 | D:1      | Newt the Demonspawn Gladiator began the quest for the Orb.
     0 | D:1      | Reached XP level 1. HP: 16/16 MP: 1/1
   139 | D:1      | Reached skill level 1 in Stealth
   304 | D:1      | Gained mutation: Spells you cast may paralyse adjacent
                  | enemies. [demonic ancestry]
   304 | D:1      | Reached XP level 2. HP: 22/22 MP: 2/2
   791 | D:1      | Reached XP level 3. HP: 29/29 MP: 3/3
  1656 | D:2      | Reached XP level 4. HP: 36/37 MP: 4/4
  2370 | D:3      | Learned a level 1 spell: Summon Small Mammal
  2380 | D:3      | Noticed Robin
  2430 | D:3      | Killed Robin
  2931 | D:3      | Reached skill level 5 in Fighting
  2931 | D:3      | Gained mutation: You regenerate a little health from kills.
                  | [demonic ancestry]
  2931 | D:3      | Reached XP level 5. HP: 35/44 MP: 2/5
  2948 | D:3      | Reached skill level 1 in Spellcasting
  2948 | D:3      | Reached skill level 1 in Summonings
  3345 | D:3      | Found a shimmering blue altar of Sif Muna.
  3593 | D:4      | Noticed Blork the orc
  3603 | D:4      | Killed Blork the orc
  3604 | D:4      | Reached XP level 6. HP: 25/51 MP: 6/9
  3892 | D:5      | Entered Level 5 of the Dungeon
  4613 | D:4      | Found a runed translucent door.
  4690 | D:4      | Noticed Crazy Yiuf
  4759 | D:4      | Noticed Edmund
  4770 | D:4      | Killed Edmund
  4771 | D:4      | Reached XP level 7. HP: 27/56 MP: 7/12
  4967 | D:4      | Killed Crazy Yiuf
  5398 | D:5      | Found a staircase to the Ecumenical Temple.
  5429 | Temple   | Entered the Ecumenical Temple
  5542 | Temple   | Became a worshipper of Makhleb the Destroyer
  5593 | D:5      | Reached skill level 5 in Short Blades
  5593 | D:5      | Gained mutation: You are partially covered in thin metallic
                  | scales. (AC +2) [demonic ancestry]
  5593 | D:5      | Reached XP level 8. HP: 31/62 MP: 9/14
  5735 | D:5      | Learned a level 1 spell: Beastly Appendage
  6059 | D:6      | Found a basalt altar of Yredelemnul.
  6758 | D:6      | Found a hazy altar of Hepliaklqana.
  6868 | D:6      | Found an opulent altar of Gozag.
  7259 | D:6      | Identified the +8 spear "Osmunel" {speed, rN+ Will+ Dex+3}
  7324 | D:7      | Reached * piety under Makhleb
  7336 | D:7      | Reached skill level 1 in Polearms
  7705 | D:7      | Gained mutation: Spells you cast may paralyse nearby
                  | enemies. [demonic ancestry]
  7705 | D:7      | Reached XP level 9. HP: 61/68 MP: 15/15
  7771 | D:7      | Found an ancient bone altar of Kikubaaqudgha.
  8209 | D:7      | Noticed Pikel
  8228 | D:7      | Killed Pikel
  8229 | D:7      | Reached skill level 5 in Polearms
  8229 | D:7      | Reached skill level 1 in Armour
  8709 | D:8      | Paralysed by a hornet for 1 turns
  8877 | D:8      | Reached skill level 5 in Armour
  8882 | D:8      | Reached ** piety under Makhleb
  9039 | D:8      | Noticed Joseph
  9054 | D:8      | Noticed Grum
  9059 | D:8      | Killed Joseph
  9060 | D:8      | Reached skill level 1 in Invocations
  9060 | D:8      | Reached XP level 10. HP: 59/74 MP: 13/16
  9075 | D:8      | Killed Grum
  9154 | D:8      | Noticed a wizard
  9163 | D:8      | Killed a wizard
  9164 | D:8      | Reached skill level 5 in Invocations
  9312 | D:8      | Noticed a two-headed ogre
  9317 | D:8      | Killed a two-headed ogre
  9692 | D:9      | Paralysed by a hornet for 3 turns
  9796 | D:9      | Reached *** piety under Makhleb
 10008 | D:9      | Reached skill level 10 in Invocations
 10347 | D:9      | Noticed Harold
 10380 | D:9      | Killed Harold
 10598 | D:9      | Reached XP level 11. HP: 58/79 MP: 18/18
 10704 | D:9      | Found an ancient bone altar of Kikubaaqudgha.
 10725 | D:9      | Reached **** piety under Makhleb
 10998 | D:9      | Found a sparkling altar of Nemelex Xobeh.
 11096 | D:9      | Found a hide-covered altar of Uskayaw.
 11327 | D:10     | Entered Level 10 of the Dungeon
 11432 | D:10     | Reached ***** piety under Makhleb
 11673 | D:10     | Reached skill level 10 in Short Blades
 11676 | D:10     | Reached skill level 1 in Transmutations
 11682 | D:10     | Found an ornate altar of the Wu Jian Council.
 11698 | D:10     | Noticed Nergalle
 11709 | D:10     | HP: 3/74 [Nergalle/+1 dagger of venom (8)]
 11710 | D:10     | Slain by a spectral orc knight

Illustrated notes

Levels and vault maps discovered:
D:1:      evilmike_arrival_rings, layout_basic
D:2:      layout_basic, kennysheep_generic_room_16
D:3:      layout_basic, kennysheep_orc_sif_temple, minmay_misc_feat_iff,
          uniq_robin
D:4:      layout_loops_ring, dreamdust_princess_corridor,
          uniq_crazy_yiuf_cottage, uniq_edmund, uniq_blork_the_orc
D:5:      layout_cave_pools, minmay_temple_entry_mist
D:6:      layout_basic, mainiacjoe_overflow_boulevard,
          yredelemnul_altar_generic, mainiacjoe_overflow_surrounded_room
D:7:      layout_basic, kennysheep_mini_moat, uniq_pikel
D:8:      cheibrodos_wizards_tower, layout_gridville, uniq_grum, uniq_joseph
D:9:      wander_kiku_kobolds, layout_stronghold, mainiacjoe_overflow_swirl,
          eino_tiny_chamber, hellmonk_bongcloud_opening, uniq_harold
D:10:     layout_small_grid, mainiacjoe_overflow_catwalk, uniq_nergalle
Temple:   nicolae_temple_ecumenical_triangle

Skill      XL: |  1  2  3  4  5  6  7  8  9 10 11 |
---------------+----------------------------------+-----
Stealth        | 1 |  1.3
Fighting       | 3 4 5 |  5.0
Spellcasting   | 2 3 4 |  4.0
Summonings     | 2 3 4 |  4.0
Short Blades   | 5 7 9 10 | 10.0
Polearms       | 2 5 |  5.0
Armour         | 6 |  6.0
Invocations    | 1 10 | 10.0
Transmutations | 1 |  1.4
Throwing       | |  1.7
Dodging        | |  2.6

Action                     |  1- 3 |  4- 6 |  7- 9 | 10-12 || total
---------------------------+-------+-------+-------+-------++-------
  Melee: Rapier            |    55 |    91 |       |       ||   146
         Punch             |     2 |     5 |     4 |     3 ||    14
         Spear             |    40 |       |   159 |     9 ||   208
         Dagger            |       |   126 |   164 |   323 ||   613
         Kick              |       |       |     2 |       ||     2
  Throw: Dart              |       |     2 |       |       ||     2
         Throwing net      |       |     1 |       |     2 ||     3
         Javelin           |       |     1 |       |       ||     1
   Cast: Summon Small Mamm |       |     9 |    47 |    51 ||   107
         Beastly Appendage |       |       |     1 |     1 ||     2
    Use: Scroll            |     3 |     5 |     9 |     4 ||    21
         Potion            |       |       |     1 |     2 ||     3
   Stab: Sleeping          |     6 |     1 |     1 |       ||     8
         Paralysed         |       |    10 |    44 |    50 ||   104
         Distracted        |       |       |     2 |       ||     2
         Held in net/web   |       |       |       |     2 ||     2
 Armour: Leather armour    |    13 |    59 |    95 |   109 ||   276
  Dodge: Dodged            |    60 |   136 |   130 |   194 ||   520

Table legend: (Time is in decaauts)
 A = Elapsed time spent in this place.
 B = Non-inter-level travel time spent in this place.
 C = Inter-level travel time spent in this place.
 D = Time resting spent in this place.
 E = Time spent auto-exploring this place.
 F = Levels seen in this place.
 G = Mean time per level.
                   A        B        C        D        E       F      G
               +--------+--------+--------+--------+--------+-----+--------+
         Total |  11457 |  11040 |    417 |   2221 |   7157 |  11 | 1041.5 |
       Dungeon |  11334 |  10939 |    395 |   2221 |   7064 |  10 | 1133.4 |
        Temple |    122 |    100 |     22 |      0 |     93 |   1 |  122.0 |
               +--------+--------+--------+--------+--------+-----+--------+

Top non-repeatable levels by time:
     D:9: 1720 daAuts
     D:4: 1315 daAuts
     D:2: 1241 daAuts
     D:6: 1229 daAuts
     D:3: 1214 daAuts
     D:1: 1167 daAuts
     D:8: 1098 daAuts
     D:7: 1013 daAuts
     D:5: 992 daAuts
    D:10: 340 daAuts
  Temple: 122 daAuts
